 Dungeon Crawl Stone Soup version 0.16-a0-2898-gc475c69 (webtiles) character file.

590 Ololoev the Basher (level 7, 0/66 HPs)
             Began as an Ogre Hunter on Dec 1, 2014.
             Slain by Pikel
             ... wielding a +2 whip of freezing
              (7 damage)
             ... on level 5 of the Dungeon.
             The game lasted 00:17:30 (6905 turns).

Ololoev the Basher (Ogre Hunter)                    Turns: 6905, Time: 00:17:31

Health: 0/66       AC:  3    Str: 20    XL:     7   Next: 39%
Magic:  0/16       EV: 10    Int: 10    God:
Gold:   277        SH:  0    Dex: 10    Spells: 0 memorised, 6 levels left

rFire  . . .     SeeInvis .     u - +0 flail
rCold  . . .     Clarity  .     d - +0 animal skin
rNeg   + . .     SustAb   .     (shield restricted)
rPois  .         Gourm    .     (helmet restricted)
rElec  .         Spirit   +     (no cloak)
rCorr  .         Warding  .     (gloves unavailable)
rMut   .         Stasis   .     (boots unavailable)
MR     .....                    q - amulet of guardian spirit
Stlth  +.........               v - ring of magical power (curse)
                                l - ring of positive energy

@: not resistant to hostile enchantments, very unstealthy
A: unfitting armour, tough skin 1
a: no special abilities


You were on level 5 of the Dungeon.
You were not hungry.

You visited 1 branch of the dungeon, and saw 5 of its levels.

You collected 277 gold pieces.

Notes
Turn   | Place    | Note
--------------------------------------------------------------
     0 | D:1      | Ololoev, the Ogre Hunter, began the quest for the Orb.
     0 | D:1      | Reached XP level 1. HP: 22/22 MP: 1/1
    65 | D:1      | Reached skill level 1 in Maces & Flails
   135 | D:1      | Reached XP level 2. HP: 26/29 MP: 2/2
  1004 | D:1      | Reached XP level 3. HP: 31/36 MP: 3/3
  1259 | D:2      | Reached skill level 5 in Throwing
  1661 | D:2      | Reached XP level 4. HP: 23/44 MP: 4/4
  2297 | D:2      | Noticed Crazy Yiuf
  2590 | D:3      | Noticed Robin
  2722 | D:2      | Killed Robin
  2756 | D:2      | Reached XP level 5. HP: 31/50 MP: 5/5
  2883 | D:3      | Noticed Jessica
  2897 | D:3      | Killed Jessica
  3108 | D:2      | Reached skill level 5 in Maces & Flails
  3418 | D:3      | Found a white marble altar of Elyvilon.
  3423 | D:3      | Noticed Ijyb
  3434 | D:3      | Killed Ijyb
  3914 | D:3      | Found a burning altar of Makhleb.
  4471 | D:4      | Reached skill level 6 in Maces & Flails
  4471 | D:4      | Reached XP level 6. HP: 50/59 MP: 4/6
  4661 | D:4      | Noticed a phantom
  4703 | D:4      | Killed a phantom
  5665 | D:5      | Entered Level 5 of the Dungeon
  5671 | D:5      | Reached skill level 7 in Maces & Flails
  5692 | D:5      | Reached XP level 7. HP: 55/66 MP: 5/7
  5760 | D:5      | Noticed Pikel
  5886 | D:5      | HP: 2/66 [centaur (6)]
  6234 | D:5      | Found Ufoboy's Jewellery Boutique.
  6255 | D:5      | Got an ancient platinum ring
  6256 | D:5      | Identified the ring of Xusal {Int+3 Dex-5 Stlth+} (You found it on level 5 of the Dungeon)
  6441 | D:5      | Found a glowing golden altar of the Shining One.
  6503 | D:4      | Reached skill level 8 in Maces & Flails
  6905 | D:5      | Slain by Pikel

Inventory:

Hand weapons
 u - a +0 flail (weapon)
Missiles
 c - 2 throwing nets (quivered)
Armour
 d - a +0 animal skin (worn)
Jewellery
 e - an uncursed amulet of resist mutation
 l - a ring of positive energy (left hand)
 q - an amulet of guardian spirit (around neck)
 v - a cursed ring of magical power (right hand)
Magical devices
 t - a wand of cold (5)
Scrolls
 a - 2 scrolls of fog
 h - 3 scrolls of enchant armour
 i - 2 scrolls of recharging
 j - a scroll of blinking
 s - a scroll of immolation
 w - a scroll of teleportation
 y - a scroll of remove curse {unknown}
Potions
 m - a potion of agility
 n - a potion of flight
 o - 2 potions of curing
 p - 2 potions of invisibility
 x - a potion of heal wounds
 z - a potion of beneficial mutation
 A - a potion of haste {unknown}
Comestibles
 f - 3 meat rations
 g - 3 bread rations
 k - 2 slices of pizza

Table legend:
 A = Turns spent in this place as a percentage of turns spent in the entire game.
 B = Non-inter-level travel turns spent in this place as a percentage of non-inter-level travel turns spent in the entire game.
 C = Inter-level travel turns spent in this place as a percentage of turns spent in this place.
 D = Turns resting spent in this place as a percentage of non-inter-level travel turns spent in this place.
 E = Turns spent auto-exploring this place as a percentage of non-inter-level travel turns spent in this place.
 F = Non-inter-level travel turns spent in this place divided by the number of levels of this place that you've seen.
                   A       B       C       D       E      F
               +-------+-------+-------+-------+-------+----------------------
         Total | 100.0 | 100.0 |   1.0 |   4.7 |   7.2 | 435.4
       Dungeon | 100.0 | 100.0 |   1.0 |   4.7 |   7.2 | 435.4
               +-------+-------+-------+-------+-------+----------------------


   Skills:
 - Level 2.6 Fighting
 * Level 8.0 Maces & Flails
 + Level 6.6 Throwing
 - Level 1.7 Dodging
 - Level 0.7 Stealth


You had 6 spell levels left.
You didn't know any spells.

Dungeon Overview and Level Annotations

Branches:
Dungeon (5/15)
 Temple: D:4-7

Altars:
Elyvilon
Makhleb
The Shining One

Shops:
D:5 =

Annotations:
D:2 Crazy Yiuf
D:5 Pikel


Innate Abilities, Weirdness & Mutations

You are too large for most types of armour.
You have tough skin (AC +1).


Message History

You are too injured to fight recklessly!
You are too injured to fight recklessly!
You are too injured to fight recklessly!
You are too injured to fight recklessly!
You are too injured to fight recklessly!
You are too injured to fight recklessly!
You are too injured to fight recklessly!
You are too injured to fight recklessly!
You are too injured to fight recklessly!
You closely miss Pikel.
Pikel is lightly wounded.
Pikel hits you but does no damage.
You hit Pikel but do no damage.
Pikel is lightly wounded.
Pikel closely misses you.
You hit Pikel.
Pikel is moderately wounded.
You closely miss Pikel.
Pikel is moderately wounded.
Pikel hits you with a whip of freezing. Pikel freezes you.
You closely miss Pikel.
Pikel is moderately wounded.
Pikel hits you with a whip of freezing. Pikel freezes you.
You closely miss Pikel.
Pikel is moderately wounded.
Pikel checks his coin pouch and frowns.
Pikel barely misses you.
You sock Pikel!
Pikel is heavily wounded.
Pikel hits you with a whip of freezing! Pikel freezes you.
You sock Pikel!
Pikel is severely wounded.
Pikel hits you with a whip of freezing! Pikel freezes you.
You hit Pikel but do no damage.
Pikel is severely wounded.
Pikel hits you with a whip of freezing. Pikel freezes you.
You hit Pikel.
Pikel is almost dead.
Pikel hits you with a whip of freezing!
You die...

...# .##..#.# ..## #
.##..#(# ..##
.......##(# #..#
#.###.#.##.##
##.##...##.#.##..###
##....# ..#.###...###
#.....# .....###.....##
##...###..#..##.......##
##..## #......K@......#
#..##. ##...#.........#
..##..#. ##..##.......##
.##..#.# ##...#.....##
## .#._ ###...##### .#
..#.# ##...### ..##. #.
+#..### #..##. ##...#
#.p## ##..#.#########


You could see Pikel.

Table legend:
 A = Kills in this place as a percentage of kills in entire the game.
 B = Kills by you in this place as a percentage of kills by you in the entire game.
 C = Kills by friends in this place as a percentage of kills by friends in the entire game.
 D = Other kills in this place as a percentage of other kills in the entire game.
 E = Experience gained in this place as a percentage of experience gained in the entire game.
 F = Experience gained in this place divided by the number of levels of this place that you have seen.
                   A       B       C       D       E      F
               +-------+-------+-------+-------+-------+----------------------
         Total | 100.0 | 100.0 |  -nan |  -nan | 100.0 | 168.8
       Dungeon | 100.0 | 100.0 |  -nan |  -nan | 100.0 | 168.8
               +-------+-------+-------+-------+-------+----------------------

Vanquished Creatures
  4 slaves
  A phantom (D:4)
  A centaur (D:5)
  A giant frog (D:5)
  A hound (D:4)
  A jelly (D:5)
  A worker ant (D:4)
  A killer bee zombie (D:5)
  Ijyb (D:3)
  Jessica (D:3)
  Robin (D:2)
  6 adders
  A gnoll (D:1)
  A giant mite (D:2)
  4 worms
  An adder skeleton (D:4)
  3 giant geckos
  2 oozes
  8 orcs
  20 bats
  7 giant cockroaches
  10 hobgoblins
  7 kobolds
  2 quokkas
  2 ball pythons
  4 giant newts
  15 goblins
  12 rats
119 creatures vanquished.

Action                   |  1- 3 |  4- 6 |  7- 9 || total
-------------------------+-------+-------+-------++-------
Melee: Club              |   166 |    58 |       ||   224
       Hammer            |       |   158 |       ||   158
       Flail             |       |   100 |    81 ||   181
Throw: Large rock        |       |    36 |     5 ||    41
Evoke: Wand              |       |     2 |       ||     2
  Use: Scroll            |     8 |     4 |     3 ||    15
       Potion            |       |     1 |       ||     1
 Stab: Sleeping          |     1 |     1 |       ||     2
  Eat: Chunk             |     2 |    13 |     2 ||    17
       Fruit             |       |       |     3 ||     3

Vault maps used:
D:1:      roderic_octagonal_star
D:2:      nicolae_overflow_hidden_temple, serial_glass, glass_columns_a,
          glass_columns_b, st_stairs_3, grunt_decor_fettered, nrook_mini_vaults,
          uniq_crazy_yiuf_cottage
D:3:      old_standard_altar, elyvilon_altar_4, uniq_jessica, uniq_robin,
          uniq_iyjb
D:4:      wad_lake_hut, first_bread
D:5:      okawaru_gym_becter, serial_shops, shop, corexii_leaking_fountain,
          tso_metal_star, uniq_pikel
